AoeStats
← WING123456

Arabia

510083641Analyzed
3v3 RM · 2d ago on Sep 29, 2026· 51m 54s· 6 players
Game mode
Random Map
Map size
Normal (6 player)
Population
200
Speed
Normal
Resources
Standard
Victory
Conquest
Starting age
Dark Age
Ending age
Imperial Age
RankedLock teamsTeams togetherTeam positionsShared explorationLock speedFull tech treeHidden civsTurbo modeCheats
Victory
Defeat
🇭🇰 Mongols · Hong Kong SAR China
1282
+10
🇨🇳 Cumans · China
1220
+12
🇭🇰 Huns · Hong Kong SAR China
1069
+17
🇨🇳 Franks · China
1153
-14
🇦🇹 Vietnamese · Austria
1124
-13
🇸🇪 Saxons · Sweden
1107
-12
Cant Hide on Bush
7:28 Loom
7:54 Loom
10:03 Feudal Age
10:51 Double-Bit Axe
13:17 Horse Collar
17:55 Wheelbarrow
21:12 Castle Age
20:06 Bloodlines
20:40 Fletching
22:16 Heavy Plow
22:08 Gold Mining
22:29 Bow Saw
23:03 Hand Cart
23:20 Padded Archer Armor
24:31 Husbandry
24:40 Bodkin Arrow
25:35 Leather Archer Armor
27:20 Thumb Ring
29:39 Town Watch
30:32 Ballistics
37:33 Imperial Age
35:10 Stone Mining
36:02 Scale Mail Armor
35:35 Pikeman
37:16 Chain Mail Armor
37:58 Masonry
38:39 Paper Money
38:28 Bracer
37:51 Heavy Cavalry Archer
38:01 Halberdier
40:03 Chemistry
39:12 Siege Engineers
40:02 Plate Mail Armor
40:05 Murder Holes
40:47 Squires
40:59 Forging
42:02 Ring Archer Armor
46:31 Elite Fire Lancer
47:44 Elite Skirmisher
49:52 Imperial Skirmisher
Wolfie
8:17 Loom
11:54 Feudal Age
16:27 Castle Age
14:57 Double-Bit Axe
15:19 Horse Collar
16:36 Forging
17:23 Bow Saw
23:17 Pikeman
25:10 Squires
26:34 Gold Mining
27:48 Fletching
28:35 Bodkin Arrow
30:16 Scale Mail Armor
32:40 Arson
33:48 Wheelbarrow
37:11 Hand Cart
36:41 Town Watch
37:06 Gambesons
44:32 Imperial Age
42:42 Chain Mail Armor
44:15 Gold Shaft Mining
43:33 Stone Mining
44:39 Iron Casting
44:17 Heavy Plow
45:21 Elite Varangian Guard
46:35 Plate Mail Armor
47:25 Conscription
48:22 Two-Man Saw
WING123456
6:25 Loom
9:48 Feudal Age
10:31 Double-Bit Axe
14:04 Forging
17:10 Scale Barding Armor
31:08 Castle Age
30:08 Gold Mining
35:05 Bow Saw
37:40 Husbandry
39:28 Chain Barding Armor
42:31 Wheelbarrow
慈溪咕噜猫
5:53 Loom
9:19 Feudal Age
14:36 Double-Bit Axe
16:21 Horse Collar
17:44 Fletching
18:52 Padded Archer Armor
20:31 Gold Mining
24:49 Castle Age
24:57 Crossbowman
26:27 Bodkin Arrow
26:48 Leather Archer Armor
28:12 Thumb Ring
29:14 Bow Saw
31:22 Heavy Plow
32:16 Wheelbarrow
35:19 Imperial Age
36:17 Hand Cart
36:48 Ballistics
38:43 Bracer
40:40 Elite Mangudai
43:53 Conscription
44:45 Chemistry
44:51 Parthian Tactics
46:01 Bloodlines
45:12 Light Cavalry
45:55 Husbandry
46:06 Forging
46:02 Scale Barding Armor
46:26 Bloodlines
46:24 Hussar
47:38 Husbandry
48:58 Chain Barding Armor
49:14 Iron Casting
51:34 Capped Ram
慈溪牛牛
11:31 Feudal Age
9:47 Loom
17:02 Castle Age
17:31 Scale Barding Armor
19:18 Bloodlines
23:30 Forging
24:45 Horse Collar
27:15 Husbandry
31:48 Wheelbarrow
35:40 Imperial Age
34:26 Iron Casting
36:31 Double-Bit Axe
38:22 Hand Cart
38:07 Gold Mining
38:08 Stone Mining
38:31 Bow Saw
38:55 Conscription
40:52 Cavalier
41:55 Chain Barding Armor
42:36 Blast Furnace
41:55 Heavy Plow
42:52 Town Watch
42:35 Paladin
45:01 Chemistry
44:50 Gold Shaft Mining
44:42 Town Patrol
47:40 Two-Man Saw
46:20 Elite Skirmisher
46:56 Fletching
49:35 Plate Barding Armor
慈溪大头
6:52 Loom
9:13 Feudal Age
9:59 Double-Bit Axe
9:59 Horse Collar
17:07 Wheelbarrow
20:18 Castle Age
20:20 Forging
20:16 Scale Barding Armor
20:23 Bloodlines
21:42 Iron Casting
23:52 Chain Barding Armor
26:57 Bow Saw
26:49 Heavy Plow
29:29 Hand Cart
35:10 Imperial Age
35:13 Cavalier
36:32 Plate Barding Armor
37:12 Blast Furnace
37:33 Two-Man Saw
37:08 Crop Rotation
37:44 Conscription
37:05 Paladin
40:53 Steppe Husbandry
40:16 Light Cavalry
41:12 Scale Mail Armor
41:03 Fletching
41:13 Padded Archer Armor
41:06 Hussar
42:45 Bodkin Arrow
42:57 Elite Skirmisher
43:54 Leather Archer Armor
44:02 Ballistics
44:42 Chemistry
45:11 Ring Archer Armor
45:26 Elite Kipchak
48:15 Pikeman
48:56 Squires
48:42 Arson
49:13 Chain Mail Armor
49:11 Capped Ram
51:14 Plate Mail Armor
50:13 Siege Ram
Connection lost

Rejoining the realm…

Still unreachable

The connection could not be restored.

Session expired

The server has moved on; the page needs a fresh start.